[Event "Early-Titled-Tuesday-Blitz-April-02-2024"]
[Site "Chess.com"]
[Date "2024.04.02"]
[Round "7"]
[White "Rud_Makarian"]
[Black "MyDream003"]
[Result "1-0"]
[WhiteElo "3032"]
[BlackElo "2838"]
[TimeControl "180+1"]
[EndTime "9:18:11 PDT"]
[Termination "Rud_Makarian won on time"]

1. d4 Nf6 2. c4 e6 3. Nf3 d5 4. g3 Be7 5. Bg2 O-O 6. O-O dxc4 7.
Qc2 a6 8. a4 Bd7 9. Qxc4 Bc6 10. Bg5 Nbd7 11. Nc3 h6 12. Bxf6 Nxf6 13. b4 Bd5 14.
Nxd5 exd5 15. Qb3 c6 16. e3 Bd6 17. b5 axb5 18. axb5 Qe7 19. Rfc1 c5 20. dxc5 Bxc5 21.
Ne1 Rxa1 22. Rxa1 d4 23. e4 Nxe4 24. Nd3 Nc3 25. Re1 Qc7 26. Qc4 b6 27. h4 Rd8 28. h5 Bd6 29. Qxc7 Bxc7 30. Bc6 Bd6 31. Kg2 Kf8 32. f4 Na4 33. Rd1 Bc7 34. Kf3 Nc5 35.
Nb4 d3 36. Nd5 Rc8 37. Ke3 Bd8 38. Nb4 Be7 39. Nxd3 Rd8 40. Nf2 Rxd1 41. Nxd1 Bd6 42.
Nc3 Bc7 43. Nd5 Bd8 44. Nb4 Ke7 45. Bd5 f6 46. Bc4 Kd6 47. Nc6 Bc7 48. Nd4 Ke7 49. Nf5+ Kf8 50. Kd4 Na4 51. Kd5 Bd8 52. Kc6 Nc5 53.
Kd6 Ne4+ 54. Kd7 1-0

[Event "Early-Titled-Tuesday-Blitz-April-02-2024"]
[Site "Chess.com"]
[Date "2024.04.02"]
[Round "7"]
[White "Onischuk_V"]
[Black "wonderfultime"]
[Result "0-1"]
[WhiteElo "2823"]
[BlackElo "2984"]
[TimeControl "180+1"]
[EndTime "9:18:13 PDT"]
[Termination "wonderfultime won on time"]

1. e4 c5 2. Nf3 Nf6 3. Nc3 d5 4. exd5 Nxd5 5. Bc4 Nb6 6. Bb5+ Bd7 7. Bxd7+ Qxd7 8.
d4 cxd4 9. Qxd4 Nc6 10. Qxd7+ Nxd7 11. Be3 e5 12. O-O-O f6 13. Nb5 Rc8 14. c3 a6 15.
Nd6+ Bxd6 16. Rxd6 Ke7 17. Rhd1 Rhd8 18. Kb1 Na5 19.
b3 Nc6 20. Kb2 Nf8 21. Rxd8 Nxd8 22. c4 Nfe6 23. Kc3 b5 24. Rd5 Nb7 25. Nd2 Nd6 26.
a4 bxc4 27. Nxc4 Nxc4 28. bxc4 Rc6 29. Kb4 h5 30. Rd2 g5 31. Rb2 f5 32. f3 g4 33.
Kc3 f4 34. Bf2 gxf3 35. gxf3 Kd7 36. Rb7+ Ke8 37. Rh7 Ng5 38. Rxh5 Nxf3 39. Kd3 Kf7 40. Ke4 Kg6 41. Rh8 Ng5+ 42. Kd5 Rc7 43. c5 e4 44. Rg8+ Kf5 45. Rf8+ Nf7 46. c6 e3 47. Be1 Kg4 48.
Ba5 Re7 49. c7 Rd7+ 0-1

[Event "Early-Titled-Tuesday-Blitz-April-02-2024"]
[Site "Chess.com"]
[Date "2024.04.02"]
[Round "7"]
[White "Zkid"]
[Black "CarlosjPineror"]
[Result "0-1"]
[WhiteElo "2878"]
[BlackElo "2696"]
[TimeControl "180+1"]
[EndTime "9:18:13 PDT"]
[Termination "CarlosjPineror won by resignation"]

1. e4 c5 2. Nf3 e6 3. d4 cxd4 4. Nxd4 a6 5. c4 Qc7 6. Nc3 Nf6 7. a3 Be7 8. Be2 d6 9. Be3 Nbd7 10. O-O b6 11. f3 Bb7 12. Qd2 O-O 13. Rfc1 Rac8 14. Rab1 Qb8 15. b4 Bd8 16. Kh1 Bc7 17. Bg1 Rfd8 18.
Qe1 Re8 19. Nb3 d5 20. exd5 exd5 21. c5 Bf4 22. Rd1 Be3 23. Bxe3 Rxe3 24. Qd2 Rce8 25.
cxb6 Rxc3 26. Qxc3 Rxe2 27. Qc7 Qxc7 28. bxc7 Nb6 29. Re1 Rxe1+ 30. Rxe1 Kf8 31. Nd4 Bc8 32. Nc6 Ne8 33. Na7 Be6 34. Rxe6 fxe6 35. c8=Q Nxc8 36. Nxc8 Nc7 37. a4 Ke8 38. Nd6+ Kd7 39.
Nb7 Kc6 40. Nc5 a5 41. Nd3 axb4 42. Nxb4+ Kc5 43. Nc2 Kc4 44. Kg1 Kc3 45. Ne3 d4 46.
Ng4 d3 47. Kf2 Kc2 48. Ne3+ Kc1 49. a5 d2 50. Ke2 Nd5 51. Nd1 Nf4+ 52. Ke3 Kxd1 53.
a6 Nd5+ 54. Kd3 Nc7 55. a7 Na8 56. Ke3 Kc1 0-1

[Event "Early-Titled-Tuesday-Blitz-April-02-2024"]
[Site "Chess.com"]
[Date "2024.04.02"]
[Round "7"]
[White "Harry_Rakkel"]
[Black "SuperJesus88"]
[Result "1-0"]
[WhiteElo "2732"]
[BlackElo "2542"]
[TimeControl "180+1"]
[EndTime "9:18:14 PDT"]
[Termination "Harry_Rakkel won by resignation"]

1. c4 d6 2. Nc3 Nf6 3. e4 e5 4.
Nge2 c5 5. d3 Nc6 6. h3 Be7 7. g4 Nd4 8. Bg2 h5 9. g5 Nh7 10. h4 Nf8 11. Nxd4 cxd4 12. Nd5 g6 13. O-O Ne6 14. f4 exf4 15. Bxf4 Nxf4 16. Nxf4 O-O 17. Qf3 Be6 18. Bh3 Qd7 19. Kg2 Rac8 20. Rf2 Bxh3+ 21. Qxh3 Qxh3+ 22. Kxh3 Bd8 23. Raf1 Be7 24. a4 Rce8 25. Nd5 Bd8 26. b4 Re6 27. a5 a6 28. Nf4 Ree8 29.
Ne2 f6 30. Nxd4 fxg5 31. Rxf8+ Rxf8 32. Rxf8+ Kxf8 33. Ne6+ Ke8 34. hxg5 Kd7 35. Nxd8 Kxd8 36. d4 Kd7 37. Kg3 Kc6 38. Kf4 Kd7 39. b5 Ke6 40. b6 Kd7 41. d5 Ke7 42. e5 Kd7 43. Ke4 Ke7 44. e6 Kd8 45. c5 dxc5 46. d6 c4 47. e7+ Kd7 48. Ke5 c3 49. Kf6 c2 50.
Kf7 c1=Q 51. e8=Q+ Kxd6 52. Qe7+ Kd5 53. Qxb7+ Kd4 54. Qd7+ Ke5 55. Qe7+ Kd5 56. Qe6+ Kd4 57.
Qxg6 Qc4+ 58. Qe6 Qf1+ 59. Qf6+ Qxf6+ 60. gxf6 h4 61. b7 h3 62. b8=Q h2 63. Qxh2 1-0

[Event "Early-Titled-Tuesday-Blitz-April-02-2024"]
[Site "Chess.com"]
[Date "2024.04.02"]
[Round "7"]
[White "madmax011"]
[Black "ritanovikova"]
[Result "0-1"]
[WhiteElo "2343"]
[BlackElo "2154"]
[TimeControl "180+1"]
[EndTime "9:18:14 PDT"]
[Termination "ritanovikova won on time"]

1. d4 e5 2. dxe5 Nc6 3. Nf3 Qe7 4. g3 Nxe5 5. Bg2 Nxf3+ 6. Bxf3 Nf6 7. O-O h6 8. b3 c6 9. Ba3 Qd8 10. Bxf8 Kxf8 11. c4 d5 12. cxd5 cxd5 13. Nc3 Be6 14. e3 g6 15. Rc1 Kg7 16. Qd4 Kh7 17. Rfd1 Rc8 18. Qxa7 Qe7 19. Qd4 Rhd8 20. Na4 Rxc1 21. Rxc1 Qa3 22. Rc2 Qe7 23. Qe5 Nd7 24. Qf4 f6 25. h4 Ne5 26. Bg2 g5 27. Qd4 Bf5 28. Rd2 g4 29. Nc3 Be6 30. Qf4 Qf7 31. Nb5 Kg7 32. Nd4 Bc8 33. Nf5+ Bxf5 34. Qxf5 h5 35. Qf4 Rd7 36. Qb4 Qe6 37. Rd1 Qf5 38. Qf4 Qe6 39.
Qd4 Qf5 40. e4 Nf3+ 41. Bxf3 Qxf3 42. exd5 Re7 43. Qd2 Re2 44. Qd4 Re4 45. Qd2 Re2 46. Qf4 Qc3 47. d6 Qc2 48. Qc1 Qf5 49. d7 Qxf2+ 0-1

[Event "Early-Titled-Tuesday-Blitz-April-02-2024"]
[Site "Chess.com"]
[Date "2024.04.02"]
[Round "7"]
[White "FMStan15"]
[Black "diamonds13"]
[Result "1/2-1/2"]
[WhiteElo "2130"]
[BlackElo "2358"]
[TimeControl "180+1"]
[EndTime "9:18:15 PDT"]
[Termination "Game drawn - insufficient material"]

1. e4 c5 2. c3 Nf6 3. e5 Nd5 4.
d4 cxd4 5. Nf3 e6 6. cxd4 Nc6 7.
a3 d6 8. Bd3 dxe5 9. dxe5 g6 10. O-O Bg7 11. Qe2 a6 12. Re1 O-O 13. Bd2 Qc7 14.
Nc3 Nce7 15. Rac1 Qb8 16. Nxd5 Nxd5 17. Be4 b5 18. Bxd5 exd5 19. Bf4 Be6 20. Nd4 Rc8 21. Nxe6 fxe6 22. Qg4 Qb6 23. h4 d4 24. h5 Kf7 25.
hxg6+ hxg6 26. Qf3 Kg8 27. Qe4 Kh7 28. g3 Rxc1 29.
Rxc1 Ra7 30. Kg2 Qb7 31. Rc6 Qd7 32. Rd6 Qf7 33. Qxd4 Rc7 34. Qd2 Qf5 35. Qd3 Rc2 36. Qxf5 exf5 37. b4 g5 38. Bxg5 Bxe5 39. Rxa6 Bd4 40. Ra5 Rxf2+ 41. Kh3 Kg6 42. Bf4 Ra2 43. Rxb5 Bg1 44. g4 fxg4+ 45. Kxg4 Rxa3 46. Rg5+ Kf7 47. b5 Ra4 48. Rf5+ Ke6 49. Re5+ Kd7 50. Rf5 Ke6 51. Re5+ Kd7 52. Re1 Bf2 53. Rf1 Be3 54. Rf3 Bxf4 55.
Rxf4 Rxf4+ 56. Kxf4 Kd6 57. Ke4 Kc5 58. b6 Kxb6 1/2-1/2

[Event "Early-Titled-Tuesday-Blitz-April-02-2024"]
[Site "Chess.com"]
[Date "2024.04.02"]
[Round "7"]
[White "noblerone"]
[Black "WiktoriaPOL"]
[Result "1-0"]
[WhiteElo "2558"]
[BlackElo "2337"]
[TimeControl "180+1"]
[EndTime "9:18:16 PDT"]
[Termination "noblerone won on time"]

1. d4 Nf6 2. Nf3 g6 3. Bg5 Bg7 4. Nbd2 O-O 5. e3 d6 6. Bc4 Nbd7 7. O-O h6 8. Bxf6 Nxf6 9. c3 d5 10. Bd3 c6 11. h3 Qc7 12. e4 dxe4 13. Nxe4 Nd5 14.
Re1 Nf4 15. Bf1 Bf5 16. Ng3 Be6 17. Ne2 Nd5 18. g3 Rad8 19. Qc2 c5 20. Bg2 Bf5 21. Qb3 c4 22. Qa4 a6 23. Nh4 Be6 24. Nf3 b5 25.
Qd1 b4 26. Qc1 bxc3 27. bxc3 Bf5 28. Qa3 Qb6 29. Nh4 Be6 30. Rab1 Qd6 31. Qa5 Rb8 32. Nf3 Bf5 33. Rxb8 Rxb8 34. Nd2 e6 35. Nxc4 Qc6 36. Ne5 Bxe5 37. dxe5 Qc4 38. Nd4 Bd3 39. Qa3 Nxc3 40. Nf3 Nd5 41. Qd6 Rc8 42. h4 h5 43. Ng5 Qc7 44. Qa3 Bc4 45. Qf3 Qe7 46. Qe4 Bxa2 47. Qa4 Bc4 48. Ne4 Bb5 49. Qa5 Qc7 50. Qa1 a5 51.
Nf6+ Nxf6 52. exf6 Qc3 53. Qb1 Bd3 54. Qd1 1-0

[Event "Early-Titled-Tuesday-Blitz-April-02-2024"]
[Site "Chess.com"]
[Date "2024.04.02"]
[Round "7"]
[White "VeraVujovic"]
[Black "Lucky_Puncher"]
[Result "1-0"]
[WhiteElo "2247"]
[BlackElo "2482"]
[TimeControl "180+1"]
[EndTime "9:18:16 PDT"]
[Termination "VeraVujovic won by resignation"]

1. e4 c5 2. Nf3 d6 3. d4 cxd4 4.
Nxd4 Nf6 5. Nc3 a6 6. Be3 e5 7. Nf3 h6 8. Bc4 b5 9. Bd5 Nxd5 10. Qxd5 Qc7 11. Qxa8 Bb7 12. Qa7 Nd7 13. Nd5 Qc6 14.
Nb6 Qxe4 15. Nxd7 Kxd7 16. O-O-O Be7 17. Nxe5+ Ke6 18. Nf3 Rc8 19. Nd4+ Kf6 20. Rhe1 Kg6 21.
f3 Qd5 22. Ne2 Qc4 23. Nc3 Rc7 24. Qd4 Qe6 25. Bf4 Qf5 26. Bxd6 Bg5+ 27. Kb1 Bf6 28. Qd3 Rc4 29. Qxf5+ Kxf5 30. Bg3 Rb4 31. Ka1 h5 32.
Rd6 h4 33. Bf2 Rc4 34. Rb6 Bc8 35. g3 Be6 36. gxh4 b4 37. Ne4 Rxc2 38. Nxf6 Rxf2 39.
Ne4 Rxf3 40. Ng5 Rf2 41. Nxe6 fxe6 42. Rbxe6 Rxh2 43. R6e5+ Kf6 44. R5e4 a5 45. Rf4+ Kg6 46. Rg1+ Kh7 47. Rfg4 Kh6 48. Rg6+ Kh5 49. Rxg7 Kh6 50.
R7g5 a4 51. Ra5 b3 52. axb3 axb3 53. Rb5 Rh3 54. Rb4 Kh5 55. Kb1 Kh6 56. Kc1 Rh1 57. Rxh1 1-0

[Event "Early-Titled-Tuesday-Blitz-April-02-2024"]
[Site "Chess.com"]
[Date "2024.04.02"]
[Round "7"]
[White "secrethawk1"]
[Black "vladgoncharov"]
[Result "0-1"]
[WhiteElo "2424"]
[BlackElo "2580"]
[TimeControl "180+1"]
[EndTime "9:18:17 PDT"]
[Termination "vladgoncharov won on time"]

1. e4 e6 2. d4 d5 3. Nc3 Nf6 4. Bg5 Be7 5. e5 Nfd7 6. Bxe7 Qxe7 7. f4 a6 8. Nf3 c5 9. dxc5 Qxc5 10. Qd2 b5 11. Bd3 Nc6 12. Ne2 a5 13. c3 b4 14. Ned4 bxc3 15. bxc3 Nxd4 16. cxd4 Qb4 17. O-O Qxd2 18. Nxd2 Ba6 19. Bxa6 Rxa6 20. Rfc1 Ke7 21. Rab1 Rb8 22. Rxb8 Nxb8 23. Rc7+ Nd7 24. Nb3 Ra8 25.
Nc5 Rd8 26. Ra7 Ke8 27. Rxa5 Nxc5 28. Rxc5 Ra8 29. Rc2 Ra4 30. Rd2 f6 31. Kf2 fxe5 32. fxe5 g5 33. Ke3 Ra3+ 34. Ke2 Kf7 35. Kd1 Kg6 36.
Kc1 g4 37. Kb2 Ra4 38. Kb3 Rc4 39. a4 Kf5 40. a5 Ke4 41. a6 Rc6 42. Ra2 Rb6+ 43.
Kc3 Rc6+ 44. Kd2 Rc8 45. a7 Ra8 46. Ra4 h5 47. Kc3 h4 48. Ra2 Ke3 49. Kb4 Kxd4 50. Kb5 Kxe5 51. Kb6 d4 52. Kb7 Rh8 53. a8=Q Rxa8 54.
Rxa8 d3 55. Rd8 Ke4 56. Kc6 Ke3 57. Kd6 g3 0-1

[Event "Early-Titled-Tuesday-Blitz-April-02-2024"]
[Site "Chess.com"]
[Date "2024.04.02"]
[Round "7"]
[White "DenLaz"]
[Black "eljanov"]
[Result "1-0"]
[WhiteElo "3110"]
[BlackElo "2889"]
[TimeControl "180+1"]
[EndTime "9:18:18 PDT"]
[Termination "DenLaz won by resignation"]

1. d4 d5 2. c4 e6 3. Nf3 Nf6 4. g3 Be7 5. Bg2 O-O 6. O-O dxc4 7. Qc2 a6 8. a4 Bd7 9. Rd1 Bc6 10. Bg5 Nbd7 11.
Nbd2 h6 12. Bxf6 Nxf6 13. Nxc4 a5 14. Nfe5 Bxg2 15. Kxg2 c6 16. e4 Qc7 17. Rac1 Rfd8 18. Qe2 Nd7 19. Nf3 Bf6 20. h4 Nb6 21. b3 g6 22. h5 g5 23. e5 Bg7 24. Nh2 Nxc4 25. Rxc4 Qb6 26. Rd3 Qa6 27. Qf3 Rd5 28. Ng4 b5 29. Rc2 bxa4 30. bxa4 Rad8 31. Rdc3 Rxd4 32.
Rxc6 Qd3 33. Qxd3 Rxd3 34. Rc8 Kf8 35. Rxd8+ Rxd8 36. Rc5 Rd4 37. Nf6 Bxf6 38. exf6 Kg8 39. Rxa5 g4 40. Ra8+ Kh7 41. a5 Rd5 42. a6 Rxh5 43.
a7 Ra5 44. Kf1 Ra2 45. Ke1 h5 46. Kd1 Ra5 47. Ke2 Ra3 48. Kd2 Ra2+ 49. Ke3 Ra4 50. Kd3 Ra5 51. Kc4 Ra1 52. Kc5 e5 53. Kd5 Ra5+ 54. Ke4 Ra4+ 55. Kxe5 Ra6 56. Kd5 Ra2 57.
Kd6 1-0

[Event "Early-Titled-Tuesday-Blitz-April-02-2024"]
[Site "Chess.com"]
[Date "2024.04.02"]
[Round "7"]
[White "Binary010"]
[Black "GP9isback23"]
[Result "0-1"]
[WhiteElo "2782"]
[BlackElo "2621"]
[TimeControl "180+1"]
[EndTime "9:18:18 PDT"]
[Termination "GP9isback23 won by resignation"]

1. d4 Nf6 2. c4 e6 3. Nf3 b6 4. g3 Bb7 5. Bg2 Be7 6. Nc3 O-O 7. Qc2 d5 8. cxd5 exd5 9. O-O Nbd7 10. Rd1 a6 11. b3 Bd6 12. Bb2 Re8 13. Rac1 Qe7 14.
e3 Ne4 15. Nxe4 dxe4 16. Ne5 Nf6 17. Nc4 Rac8 18. Bh3 Rb8 19. Nxd6 cxd6 20. Qc7 Nd5 21. Qxe7 Rxe7 22. a3 Kf8 23. Rc2 Ke8 24. Rdc1 Kd8 25.
Kf1 Rc7 26. Rxc7 Nxc7 27. Ke2 Bd5 28. b4 b5 29. Kd2 g6 30. Bf1 Kd7 31. h4 f5 32. Be2 h5 33. Bd1 Na8 34. a4 Nb6 35. Ra1 Nc4+ 36. Kc1 Rc8 37. Bc2 Nb6 38. axb5 Bb3 39.
bxa6 Bxc2 40. Kd2 Bd3 41. Kd1 Rc2 42. Bc1 Rxf2 43. a7 Na8 44. Ra5 Rc2 45. Bd2 Rc7 46.
b5 Rb7 47. Bb4 Bxb5 48. Ba3 Kc6 49. Kd2 Rb6 50. Kc3 Ra6 51. Rxa6+ Bxa6 52. Kb4 Bd3 53. Ka5 Bc4 54. Bb4 Be6 55. Ba3 Bc8 56. Bb4 Bb7 57. Ba3 Nc7 58. Bb4 Nb5 59. Bd2 Nxa7 0-1

[Event "Early-Titled-Tuesday-Blitz-April-02-2024"]
[Site "Chess.com"]
[Date "2024.04.02"]
[Round "7"]
[White "djokovic74"]
[Black "KubaGepard"]
[Result "1-0"]
[WhiteElo "2755"]
[BlackElo "2583"]
[TimeControl "180+1"]
[EndTime "9:18:18 PDT"]
[Termination "djokovic74 won by resignation"]

1. e4 e5 2. Nf3 Nc6 3. Bb5 Nf6 4. d3 Ne7 5. O-O c6 6. Ba4 d6 7. Re1 Ng6 8. Nbd2 Be7 9. Nf1 O-O 10. c3 Nh5 11. Nxe5 Nxe5 12. Qxh5 Nxd3 13. Rd1 Nxc1 14. Raxc1 Be6 15. Bb3 Bxb3 16. axb3 Qb6 17. Nd2 a5 18. Ra1 Bf6 19. Ra3 Qc7 20. Nc4 b5 21. Ne3 b4 22.
cxb4 axb4 23. Rxa8 Rxa8 24. Nc4 Rd8 25. g3 g6 26. Qf3 Kg7 27. Kg2 Qe7 28. Na5 Qc7 29.
Nc4 Qe7 30. Na5 Rc8 31. Nc4 Be5 32. Qd3 Rd8 33. f4 Bf6 34. Nxd6 Bxb2 35. Nf5+ gxf5 36. Qxd8 Qxe4+ 37. Kh3 Bf6 38. Qd3 Qe6 39. Rd2 Bc3 40. Re2 Qd5 41. Qxd5 cxd5 42. Re7 Kf6 43. Rd7 Ke6 44. Rd8 d4 45. Kg2 Ke7 46. Rd5 Ke6 47. Rd8 Ke7 48. Rd5 Ke6 49. Re5+ Kf6 50. Kf3 d3 51. Rd5 d2 52. Ke2 Ke6 53. Rb5 Kf6 54. Rb6+ Kg7 55. Rc6 f6 56. Rd6 Kf7 57. Rd7+ Kg6 58.
Rxd2 Bxd2 59. Kxd2 h5 60. h4 Kf7 61. Kd3 Ke6 62.
Kc4 Kd6 63. Kxb4 Kd5 64. Ka5 Ke4 65. b4 Kf3 66. b5 Kxg3 67. b6 Kxh4 68. b7 Kg3 69.
b8=Q h4 70. Qg8+ Kxf4 71. Qg2 Ke3 72. Qh3+ Ke4 73. Qxh4+ f4 74. Qf2 f3 75. Kb4 Kf4 76. Kc3 1-0

[Event "Early-Titled-Tuesday-Blitz-April-02-2024"]
[Site "Chess.com"]
[Date "2024.04.02"]
[Round "7"]
[White "Midgardsormur"]
[Black "Mikhail_Golubev"]
[Result "0-1"]
[WhiteElo "2465"]
[BlackElo "2628"]
[TimeControl "180+1"]
[EndTime "9:18:18 PDT"]
[Termination "Mikhail_Golubev won by resignation"]

1. e4 c5 2. Nc3 Nc6 3. Bb5 Nd4 4.
Nf3 a6 5. Bd3 Nc6 6. O-O g6 7.
Re1 Bg7 8. a3 d6 9. Rb1 b5 10.
h3 Nf6 11. b4 c4 12. Bf1 O-O 13. Nd5 Be6 14. Nxf6+ Bxf6 15. d4 cxd3 16. cxd3 Nd4 17. Bb2 Qb6 18. e5 dxe5 19. Nxe5 Rac8 20. Re4 Rfd8 21. Rc1 Rxc1 22. Qxc1 Bf5 23. Rxd4 Rxd4 24. Bxd4 Qxd4 25. Nc6 Qd6 26. Qc5 Bd7 27. Qxd6 exd6 28. Nb8 Bc8 29. Nc6 Kf8 30. d4 Bb7 31. d5 Bxc6 32.
dxc6 Ke7 33. a4 bxa4 34. Bxa6 Kd8 35. Bc4 Bc3 36. b5 Ba5 37. Bxf7 Kc7 38. Kf1 Kb6 39. Bc4 Kc5 40. Bg8 Kxb5 41. Ke2 Kxc6 42. Kd3 Kc5 43. Ke4 Bd8 44. f3 Bf6 45. g4 a3 46.
Bf7 Kc6 47. Be6 Kc7 48. Bf7 Kd8 49. Kd3 Ke7 50. Bd5 Be5 51. Kc2 Kf6 52. Kb3 Bb2 53. Kc2 Ke5 54. Kd3 Kxd5 0-1

[Event "Early-Titled-Tuesday-Blitz-April-02-2024"]
[Site "Chess.com"]
[Date "2024.04.02"]
[Round "7"]
[White "LornerAcosta"]
[Black "ViratKohl_i"]
[Result "1-0"]
[WhiteElo "2610"]
[BlackElo "2504"]
[TimeControl "180+1"]
[EndTime "9:18:18 PDT"]
[Termination "LornerAcosta won on time"]

1. Nf3 Nf6 2. d4 e6 3. e3 b6 4.
Bd3 Bb7 5. Nbd2 Be7 6. O-O d5 7. Qe2 O-O 8. c4 c5 9. dxc5 Bxc5 10. Rd1 Qe7 11. a3 dxc4 12. Nxc4 a5 13. Bd2 Nbd7 14. Rab1 a4 15. b4 axb3 16. Rxb3 Bc6 17. Rdb1 Ba4 18. R3b2 b5 19. Nce5 Bxa3 20. Bb4 Bxb4 21. Rxb4 Nxe5 22.
Nxe5 Nd5 23. Bxh7+ Kxh7 24. Qh5+ Kg8 25. Rh4 Qxh4 26. Qxh4 Rac8 27. h3 Rc2 28. Nf3 Rc4 29.
Qh5 f6 30. Nd4 Nc7 31. Rb2 Rd8 32. Kh2 Rd5 33. Qg6 Rg5 34. Qe4 e5 35. h4 Rh5 36.
Qg4 Rh6 37. Qc8+ Kh7 38. Qf5+ Kg8 39. Qc8+ Kh7 40. Nf5 Rg6 41. f3 Nd5 42. Qe8 Rc3 43. Re2 Bd1 44. Re1 Bc2 45. Nd6 b4 46. h5 Rg5 47. f4 exf4 48. Nf7 Rxh5+ 49. Kg1 fxe3 50.
Qh8+ Kg6 51. Qe8 1-0

[Event "Early-Titled-Tuesday-Blitz-April-02-2024"]
[Site "Chess.com"]
[Date "2024.04.02"]
[Round "7"]
[White "moro182"]
[Black "Vahe_Danielyan"]
[Result "0-1"]
[WhiteElo "2888"]
[BlackElo "2645"]
[TimeControl "180+1"]
[EndTime "9:18:19 PDT"]
[Termination "Vahe_Danielyan won by resignation"]

1. d4 Nf6 2. Bf4 d5 3. e3 c5 4.
dxc5 Qa5+ 5. Nc3 Qxc5 6. Nb5 Na6 7. c3 Bd7 8. a4 e6 9. Nf3 Be7 10. Be2 O-O 11. Be5 Ne4 12. Bd4 Qc8 13. Nxa7 Qd8 14. Nb5 f6 15. a5 Qe8 16. Na3 Ba4 17. b3 Bc6 18. Qc2 e5 19. Bb6 Nxc3 20. Bxa6 Bb4 21.
Be2 Na4+ 22. Kf1 Nxb6 23. axb6 Rxa3 24. Rxa3 Bxa3 25. g3 Qd8 26. Kg2 Qxb6 27. Ra1 Bb4 28. Kg1 Rd8 29. Rd1 Qc5 30. Qb1 d4 31. exd4 exd4 32. Bc4+ Kh8 33. Nh4 Qe5 34. Bf1 Qe4 35.
Qxe4 Bxe4 36. Bd3 Bd5 37. Bc4 Bxc4 38. bxc4 Bc3 39. Nf5 g6 40. Ne7 Kg7 41. Nd5 Rc8 42. Rb1 Rxc4 43. Rxb7+ Kh6 44. Rd7 d3 45. Nf4 d2 46.
Kf1 Re4 47. Ne2 Bb4 48. Rd3 f5 49. h3 Rc4 50. g4 Rc1+ 51. Kg2 d1=Q 52. g5+ Kxg5 0-1

[Event "Early-Titled-Tuesday-Blitz-April-02-2024"]
[Site "Chess.com"]
[Date "2024.04.02"]
[Round "7"]
[White "ChessboArt"]
[Black "Flaccidmoves"]
[Result "1-0"]
[WhiteElo "2294"]
[BlackElo "2423"]
[TimeControl "180+1"]
[EndTime "9:18:19 PDT"]
[Termination "ChessboArt won by checkmate"]

1. Nf3 Nf6 2. g3 b6 3. Bg2 Bb7 4. c4 c5 5. Nc3 e6 6. O-O Be7 7. b3 O-O 8. Bb2 Nc6 9. e3 d5 10. cxd5 Nxd5 11. Nxd5 exd5 12. d4 Bf6 13. Qd2 Re8 14.
Rac1 cxd4 15. Nxd4 Ne5 16. Rc2 Ba6 17. Rd1 Rc8 18.
Rxc8 Qxc8 19. Bxd5 Qh3 20. Bg2 Qh5 21. Qc2 Rc8 22. Qb1 h6 23. Rd2 Ng4 24. h3 Ne5 25. Qd1 Qxd1+ 26. Rxd1 Nd3 27. Ba3 Nc5 28. Bf1 Bb7 29.
Ne2 Rc7 30. Bg2 Ba6 31. Nf4 Be5 32. Nd5 Rb7 33. Nb4 Rb8 34. Nxa6 Nxa6 35. Rd7 Nc5 36. Rxa7 Rd8 37. Bxc5 bxc5 38. Ra5 Rc8 39. Bd5 Bc3 40. Ra7 Kh8 41. Rxf7 Rd8 42. e4 Bd4 43. Kg2 Ra8 44. a4 Rb8 45. Bc4 Re8 46. Kf3 g5 47. a5 h5 48. a6 Rg8 49. g4 h4 50. a7 Be5 51.
Bd5 Rf8 52. Rxf8+ Kh7 53. a8=Q Bb8 54. Qb7+ Kh6 55. Qc6+ Kh7 56. Qd7+ Kh6 57. Qe6+ Kg7 58. Qf7+ Kh6 59. Rh8# 1-0

[Event "Early-Titled-Tuesday-Blitz-April-02-2024"]
[Site "Chess.com"]
[Date "2024.04.02"]
[Round "7"]
[White "JJDAREK"]
[Black "Schattman"]
[Result "0-1"]
[WhiteElo "2334"]
[BlackElo "2506"]
[TimeControl "180+1"]
[EndTime "9:18:24 PDT"]
[Termination "Schattman won on time"]

1. c4 g6 2. d4 Nf6 3. Nc3 d5 4. cxd5 Nxd5 5. Bd2 Bg7 6. e4 Nxc3 7. Bxc3 c5 8. d5 Bxc3+ 9. bxc3 O-O 10. h4 h5 11.
Qd2 e6 12. Nf3 exd5 13. exd5 Bg4 14. Be2 Bxf3 15. Bxf3 Nd7 16. g3 Ne5 17. Be2 Qf6 18. O-O Rfe8 19. Rab1 b6 20. c4 Rad8 21. a4 Nc6 22. Rfe1 Nd4 23. Bd1 Qf5 24. Rb2 Kg7 25. a5 Rxe1+ 26. Qxe1 Qf6 27. axb6 axb6 28. Kg2 Nf3 29.
Qe2 Nd4 30. Qd2 Re8 31. Qf4 Qd8 32. Bf3 Kg8 33. Be4 Ne2 34. Qe3 Nd4 35. Qd3 Kg7 36. Rd2 Qd6 37. Qc3 f5 38. Rxd4 cxd4 39. Qxd4+ Qe5 40.
Qxe5+ Rxe5 41. Bd3 Kf6 42. Kf1 Re8 43. Kg2 Ke5 44. Kf3 Ra8 45. Ke3 Ra2 46. f4+ Kd6 47.
Kf3 Rd2 48. Ke3 Rg2 49. Kf3 Rb2 50. Ke3 Kc5 51. Be2 Rb3+ 52. Bd3 Ra3 53. Ke2 Kd4 54. d6 Ra2+ 55. Kf3 Kxd3 56. d7 Ra8 0-1

[Event "Early-Titled-Tuesday-Blitz-April-02-2024"]
[Site "Chess.com"]
[Date "2024.04.02"]
[Round "7"]
[White "DefenceWinsChampionships"]
[Black "zurzan"]
[Result "1-0"]
[WhiteElo "2299"]
[BlackElo "2070"]
[TimeControl "180+1"]
[EndTime "9:18:24 PDT"]
[Termination "DefenceWinsChampionships won by resignation"]

1. e4 c5 2. c3 d5 3. exd5 Nf6 4. d4 cxd4 5. Qxd4 g6 6. Bf4 Bg7 7. Bxb8 Rxb8 8. Qxa7 Bd7 9. Bc4 O-O 10. Nf3 Qc8 11.
Bb3 Ne4 12. Nbd2 Nc5 13. O-O Nxb3 14. axb3 Bb5 15. Rfe1 Ra8 16. Qxa8 Qxa8 17. Rxa8 Rxa8 18. Rxe7 Ra1+ 19. Re1 Ra2 20. c4 Ba6 21. d6 Bf6 22. d7 Kg7 23. Re8 Ra1+ 24. Nf1 Rd1 25. Nd2 b5 26. d8=Q Bxd8 27. Rxd8 bxc4 28. Rd6 c3 29.
Rxa6 cxd2 30. Rd6 f5 31. Rxd2 Rb1 32. f3 Kf6 33. Kf2 Ke5 34. Ne3 f4 35. Nc4+ Ke6 36. g3 fxg3+ 37. hxg3 Rh1 38. Ke3 Rh3 39. g4 h5 40.
Rd6+ Kf7 41. gxh5 gxh5 42. b4 h4 43. b5 Rh1 44. b6 h3 45. b7 h2 46. b8=Q Re1+ 47.
Kf2 h1=Q 48. Rd7+ Re7 49. Rxe7+ Kxe7 50. Qe5+ Kf8 51. Qf5+ Ke7 52. Qe4+ Kf8 53. Ne3 Qh2+ 54. Ng2 Qh6 55. Qf4+ Qxf4 56. Nxf4 Ke7 57. Nd3 Kd6 58. Ke3 Kd5 59. f4 Kc4 60. f5 Kb3 61. f6 Kc4 62. f7 Kd5 63. f8=Q 1-0

[Event "Early-Titled-Tuesday-Blitz-April-02-2024"]
[Site "Chess.com"]
[Date "2024.04.02"]
[Round "7"]
[White "sokidze"]
[Black "kachsona"]
[Result "1-0"]
[WhiteElo "2794"]
[BlackElo "2605"]
[TimeControl "180+1"]
[EndTime "9:18:26 PDT"]
[Termination "sokidze won by resignation"]

1. d4 d6 2. e4 Nf6 3. Nc3 Nbd7 4. Nf3 e5 5. Bc4 Be7 6. O-O O-O 7. a4 c6 8. Re1 a5 9. h3 h6 10. Be3 Re8 11.
Qd2 exd4 12. Bxd4 Nf8 13. Rad1 Be6 14. Bf1 N6d7 15. Be3 Ng6 16. b3 Bf8 17. Nd4 Nf6 18. f4 Bd7 19. Bf2 Qc7 20. g4 Re7 21. Nf5 Re6 22.
Bg2 Rae8 23. Kh1 Qc8 24. Bd4 Qb8 25. Ng3 R6e7 26. Bxf6 gxf6 27. Nh5 Bg7 28. Qxd6 Qxd6 29. Rxd6 Bc8 30. Nxf6+ Bxf6 31. Rxf6 Kg7 32. Rd6 Nxf4 33.
Rf1 Ne6 34. Kh2 Rd7 35. Rfd1 Rxd6 36. Rxd6 Nc5 37. Kg3 Be6 38. Kf4 Kf6 39. e5+ Ke7 40. Ne4 Rh8 41. Nxc5 h5 42. Nxe6 fxe6 43. g5 Rf8+ 44. Ke4 Rf2 45. Bf3 Rxc2 46. Bxh5 Rc1 47. Rd3 Re1+ 48. Re3 Rg1 49. Bg4 Kf7 50. Rf3+ Ke7 51.
g6 Re1+ 52. Kf4 Kf8 53. Kg5+ Kg7 54. Rf7+ Kg8 55. Kf6 Rf1+ 56. Ke7 Re1 57. Bxe6 Rxe5 58. Rf5+ 1-0

[Event "Early-Titled-Tuesday-Blitz-April-02-2024"]
[Site "Chess.com"]
[Date "2024.04.02"]
[Round "7"]
[White "AlexanderKing"]
[Black "RuperezA"]
[Result "0-1"]
[WhiteElo "2610"]
[BlackElo "2536"]
[TimeControl "180+1"]
[EndTime "9:18:27 PDT"]
[Termination "RuperezA won on time"]

1. c4 e6 2. g3 d5 3. Bg2 Nf6 4. Nf3 Be7 5. d4 O-O 6. Nc3 c6 7. O-O b6 8. Ne5 Ba6 9. e4 dxc4 10. Re1 b5 11. b3 b4 12. Na4 c3 13. a3 Nfd7 14. Nf3 Nb6 15. Nc5 bxa3 16. Bxa3 Bb5 17.
Qc2 a5 18. Qxc3 a4 19. bxa4 Nxa4 20. Nxa4 Rxa4 21. Bxe7 Qxe7 22. Rxa4 Bxa4 23. Ne5 f6 24. Nd3 Nd7 25. Rc1 Bb5 26. h4 Rd8 27. Nb4 Nb6 28. Nxc6 Bxc6 29. Qxc6 Rc8 30. Qxc8+ Nxc8 31. Rxc8+ Kf7 32.
Bh3 Qd6 33. Rc4 h5 34. Ra4 Kg6 35. Kg2 Qc6 36. Rb4 Qxe4+ 37. Kh2 Qe2 38. Bg2 Qxf2 39.
d5 exd5 40. Rf4 Qd2 41. Rf3 d4 42. Kg1 d3 43. Bf1 Qe1 44. Rxd3 Kf5 45. Rf3+ Kg4 46. Rd3 Qe5 47. Kg2 Qe4+ 48. Kh2 Kf5 49. Bh3+ Kg6 50.
Bf1 Kh6 51. Kg1 g5 52. Kf2 gxh4 53. gxh4 Qxh4+ 54. Kg2 f5 55. Rh3 Qe4+ 56. Kg1 f4 57. Bg2 Qe1+ 58. Kh2 Kg5 59. Bf3 h4 60. Kg2 Qd2+ 61.
Kh1 Qe1+ 62. Kg2 Qc1 0-1